 Dungeon Crawl Stone Soup version 0.31.0-1-g2c135a0 (webtiles) character file.

Game seed: 17745002899474896153

227 leonidasnz the Digger (level 5, 0/37 HPs)
             Began as a Vampire Earth Elementalist on Apr 13, 2024.
             Was an Initiate of Sif Muna.
             Slain by a cerulean imp
             ... wielding a +2 spear
             ... summoned by Natasha
              (5 damage)
             ... on level 3 of the Dungeon.
             The game lasted 00:42:04 (1744 turns).

leonidasnz the Digger (Vampire Earth Elementalist)  Turns: 1744, Time: 00:42:05

Health: 0/37       AC:  6    Str:  7    XL:     5   Next: 70%
Magic:  9/9        EV: 10    Int: 20    God:    Sif Muna [......]
Gold:   57         SH:  0    Dex: 14    Spells: 9/10 levels left

rFire   . . .        b - +0 hand axe (flame)
rCold   . . .        (no shield)
rNeg    . . .        e - +0 ring mail
rPois   .            (no helmet)
rElec   .            (no cloak)
rCorr   .            c - +0 pair of gloves
SInv    +            (no boots)
Will    .....        (no amulet)
Stlth   ++           (no ring)
HPRegen 0.46/turn    (no ring)
MPRegen 0.11/turn

%: no passive effects
@: healing quickly
A: alive, fangs 3, see invisible, vampiric 2
a: Exsanguinate, Renounce Religion


You were on level 3 of the Dungeon.
You worshipped Sif Muna.
Sif Muna was noncommittal.
You visited 1 branch of the dungeon, and saw 3 of its levels.

You collected 57 gold pieces.

Inventory:

Hand Weapons
 b - a +0 hand axe of flaming (weapon)
 j - a +0 club
 l - a +0 long sword
Missiles
 f - 6 poisoned darts
 g - 14 stones
Armour
 a - a +0 robe
 c - a +0 pair of gloves (worn)
 d - a +0 leather armour
 e - a +0 ring mail (worn)
Scrolls
 h - a scroll of identify
 i - a scroll of brand weapon
 k - a scroll of enchant weapon {unknown}
 m - a scroll of teleportation {unknown}
 o - a scroll of revelation {unknown}
Potions
 n - a potion of invisibility {unknown}


   Skills:
 + Level 1.1 Fighting
 + Level 1.5 Long Blades
 + Level 0.6 Armour
 + Level 2.6 Dodging
 + Level 3.3 Stealth
 + Level 0.3 Unarmed Combat
 + Level 3.3 Spellcasting
 + Level 0.6 Conjurations
 + Level 4.6 Earth Magic


You had 9 spell levels left.
You knew the following spells:

 Your Spells              Type           Power      Damage    Failure   Level
a - Sandblast             Erth           42%        2d11      7%          1

Your spell library contained the following spells:

 Spells                   Type           Power      Damage    Failure   Level
 Passwall                 Erth           21%        N/A       22%         3
 Magic Dart               Conj           20%        1d4       36%         1
 Stone Arrow              Conj/Erth      26%        3d8       43%         3
 Blink                    Tloc           6%         N/A       58%         2
 Call Imp                 Summ           6%         N/A       58%         2
 Brom's Barrelling Bould  Conj/Erth      13%        2d4       85%         4
 Petrify                  Alch/Erth      12%        N/A       88%         4
 Vhi's Electric Charge    Tloc/Air       6%         N/A       99%         4
 Arcjolt                  Conj/Air       2%         1d12      100%        5
 Plasma Beam              Fire/Air       1%         2x1d11    100%        6


Dungeon Overview and Level Annotations

Branches:
Dungeon (3/15)

Altars:
Kikubaaqudgha
Ru
Sif Muna
Vehumet

Annotations:
D:3 Natasha


Innate Abilities, Weirdness & Mutations

Your natural rate of healing is accelerated.
You have razor-sharp teeth.
You have supernaturally acute eyesight. (SInv)
You are afflicted with vampirism and can become a bat while bloodless.


Message History

You hit Natasha. You burn Natasha.
Natasha is heavily wounded.
You closely miss the cerulean imp. Natasha barely misses you.
The cerulean imp hits you with a +2 spear.
Casting: Sandblast (safe; 7% risk of failure)
Confirm with . or Enter, or press ? or * to list all spells.
Aiming: Sandblast (safe; 7% risk of failure)
Press: ? - help, Shift-Dir - straight line, f - Natasha
Aim: Natasha (heavily wounded, 79% to hit)
The blast of sand hits Natasha!
Natasha is almost dead.
Natasha mumbles some strange words.
The cerulean imp closely misses you. Natasha closely misses you.
The cerulean imp closely misses you. Natasha attacks as she pursues you!
Natasha barely misses you.
The cerulean imp attacks as it pursues you!
The cerulean imp hits you from afar with a +2 spear.
Natasha casts a spell.
The cerulean imp hits you but does no damage.
Natasha casts a spell at you. You resist with some effort.
The cerulean imp attacks as it pursues you!
The cerulean imp hits you from afar with a +2 spear.
The cerulean imp hits you from afar with a +2 spear.
* * * LOW HITPOINT WARNING * * *
Natasha howls an incantation.
Natasha shimmers violently.
The cerulean imp attacks as it pursues you!
The cerulean imp hits you from afar with a +1 spear.
* * * LOW HITPOINT WARNING * * *
The cerulean imp hits you but does no damage.
The cerulean imp hits you from afar with a +0 spear.
* * * LOW HITPOINT WARNING * * *
The cerulean imp hits you but does no damage.
Unknown command.
As you read the scroll labelled HESOH FEATETAO, it crumbles to dust.
It is a scroll of identify.
i - a scroll of brand weapon The cerulean imp hits you from afar with a +2 spear.
You die...

...#####........................#
...# #...............<.......#
).## #.<.....................##
..# #.........#)....##........
### #.....#..##............... .#
#.[...#..#...............# .#
#........#.5....#.#...(.##
.#######......[...5....#.#.......
.....).#........@.5h...#....####.
######)#......#..###.#.#....# ##.
#รท............#.#.......##..
##.#......####.#.##....#.....
#..####..........##..#. #...
#####.## #............#.## .#...
......# #..........#....# .....
.....## ##......^...##...###....
.....# ###...........##..........


You could see Natasha and 3 cerulean imps.

Vanquished Creatures
  Natasha (D:3)
  3 orc wizards (D:3)
  Robin (D:3)
  4 adders (D:2)
  3 dart slugs
  A ribbon worm (D:2)
  4 orcs (D:3)
  4 bats
  4 endoplasms
  A giant cockroach (D:2)
  14 goblins
  8 hobgoblins
  3 jackals (D:1)
  5 ball pythons
  A frilled lizard (D:1)
  5 kobolds
  4 rats
  A spectral goblin (D:1)
67 creatures vanquished.

Notes
Turn   | Place    | Note
-------+----------+-------------------------------------------
     0 | D:1      | leonidasnz the Vampire Earth Elementalist began the quest
                  | for the Orb.
     0 | D:1      | Reached XP level 1. HP: 13/13 MP: 3/3
   200 | D:1      | Reached XP level 2. HP: 19/19 MP: 0/5
   251 | D:1      | Found a faded altar of an unknown god.
   442 | D:1      | Prayed at the altar of an unknown god.
   442 | D:1      | Became a worshipper of Ru the Awakened
   524 | D:2      | Gained mutation: You are afflicted with vampirism and can
                  | become a bat while bloodless. [Vampire growth]
   524 | D:2      | Reached XP level 3. HP: 7/24 MP: 1/6
   873 | D:2      | Reached XP level 4. HP: 30/30 MP: 6/8
  1187 | D:3      | Noticed Robin
  1210 | D:3      | Reached skill level 4 in Earth Magic
  1217 | D:3      | Killed Robin
  1477 | D:3      | Found a radiant altar of Vehumet.
  1482 | D:3      | Reached XP level 5. HP: 35/35 MP: 7/9
  1489 | D:3      | Found an ancient bone altar of Kikubaaqudgha.
  1493 | D:3      | Reached skill level 1 in Long Blades
  1499 | D:3      | Found a shimmering blue altar of Sif Muna.
  1504 | D:3      | Reached skill level 1 in Fighting
  1545 | D:3      | Fell from the grace of Ru
  1545 | D:3      | Became a worshipper of Sif Muna the Loreminder
  1614 | D:3      | Noticed Natasha
  1620 | D:3      | Killed Natasha
  1720 | D:3      | Noticed Natasha
  1744 | D:3      | Slain by a cerulean imp

Illustrated notes

Levels and vault maps discovered:
D:1:      matt_arrival_grand_opening, layout_basic,
          dreamdust_ecumenical_altar_drowned_temple, eino_curves_01,
          st_stairs_6, minmay_unequal
D:2:      layout_rooms
D:3:      layout_rooms, palyth_temple_overflow_mages, slow_altar_1,
          uniq_natasha, uniq_robin, uniq_ijyb

Skill      XL: |  1  2  3  4  5 |
---------------+----------------+-----
Spellcasting   | 3 |  3.3
Earth Magic    | 4 |  4.6
Long Blades    | 1 |  1.5
Fighting       | 1 |  1.1
Armour         | |  0.6
Dodging        | |  2.6
Stealth        | |  3.3
Unarmed Combat | |  0.3
Conjurations   | |  0.6

Action                     |  1- 3 |  4- 6 || total
---------------------------+-------+-------++-------
  Melee: Unarmed           |    18 |       ||    18
         Club              |     7 |       ||     7
         Bite              |     2 |     2 ||     4
         Long sword        |    14 |    20 ||    34
         Punch             |       |     1 ||     1
         Hand axe          |       |    10 ||    10
   Cast: Sandblast         |    37 |    40 ||    77
    Use: Potion            |       |     3 ||     3
         Scroll            |       |     1 ||     1
 Armour: Robe              |     1 |       ||     1
         Ring mail         |    43 |    72 ||   115
  Dodge: Dodged            |    56 |    56 ||   112
